 Dungeon Crawl Stone Soup version 0.30-a0-782-ge64f9170bb (webtiles) character file.

Game seed: 13590094567659576966

3 tilp the Shield-Bearer (level 1, 0/19 HPs)
             Began as a Meteoran Fighter on Mar 16, 2023.
             Killed by divine providence
             ... invoked by an orc priest
              (15 damage)
             ... on level 2 of the Dungeon.
             The game lasted 00:00:33 (87 turns).

tilp the Shield-Bearer (Meteoran Fighter)             Turns: 87, Time: 00:00:34

Health: 0/19       AC:  6    Str: 17    XL:     1   Next: 71%
Magic:  2/2        EV:  9    Int:  9    God:
Gold:   12         SH:  5    Dex: 13    Spells: 0/0 levels left

rFire   . . .      SeeInvis .    a - +0 long sword
rCold   . . .      Faith    .    c - +0 buckler
rNeg    . . .      Spirit   .    b - +0 scale mail
rPois   .          Reflect  .    (no helmet)
rElec   .          Harm     .    (no cloak)
rCorr   .          Rampage  .    (no gloves)
Will    .....                    (no boots) Stlth
                                 (no amulet)
HPRegen 0.23/turn                (no ring)
MPRegen 0.08/turn                (no ring)

@: mighty, glowing
A: sense surroundings 1, otherworldly, glowing, explore regen
a: no special abilities


You were on level 2 of the Dungeon.
You visited 1 branch of the dungeon, and saw 2 of its levels.

You collected 12 gold pieces.

Inventory:

Hand Weapons
 a - a +0 long sword (weapon)
Armour
 b - a +0 scale mail (worn)
 c - a +0 buckler (worn)
Scrolls
 e - a scroll of identify {unknown}
 f - a scroll of noise {unknown}


   Skills:
 + Level 3.3 Fighting
 * Level 2.6 Long Blades
 - Level 3.6 Armour
 + Level 0.3 Dodging
 - Level 3.6 Shields


You couldn't memorise any spells.
You didn't know any spells.
Your spell library was empty.

Dungeon Overview and Level Annotations

Branches:
Dungeon (2/15) Zot: 1109

Altars:


Innate Abilities, Weirdness & Mutations

You passively map a small area around you.
You are easily found by Zot.
You glow in the dark.
You regain HP and MP as you explore.


Message History

The dart slug bites you but does no damage.
You hit the dart slug.
You kill the dart slug!
No target in view!
f - a scroll labelled TIUHYR ANEIVI
There is a stone staircase leading up here.
You climb upwards.
The kobold shouts!
Found a short sword.
There is a stone staircase leading down here.
The kobold barely misses you.
You see here a +0 short sword.
You closely miss the kobold.
The kobold hits you with a +0 short sword.
You barely miss the kobold. The kobold closely misses you.
You hit the kobold.
You kill the kobold!
Things that are here:
a +0 short sword; a kobold corpse
Things that are here:
a +0 short sword; a kobold corpse You see here a +0 short sword.
There is a stone staircase leading down here.
You climb downwards.
There is a stone staircase leading up here.
An orc priest comes into view. It is wielding a +0 trident.
Found 9 gold pieces.
The orc priest shouts!
You hear a shout!
An orc comes into view. It is wielding a +0 club.
You hear a shout!
Saving game... please wait.
Welcome back, tilp the Meteoran Fighter.
Press ? for a list of commands and other information.
You feel very mighty all of a sudden.
The orc priest hits you with a +0 trident.
You closely miss the orc priest.
The orc priest invokes the aid of Beogh against you.
Beogh smites you!
Ouch! That really hurt!
You die...

# * .## *
#.## . , ,
#.. , #$# #..
,... * * #.#*
..# , ,,
#.###.#
,####.#.o.# ,
* # #....@o#
..#.##..##
..., #..#
##..##..## *
#.......###*
*
*#.........#,
,*
...###.....##
* * , ##
###.#..# , ,
, , *
#<..#.... *


You could see an orc priest and an orc.

Vanquished Creatures
  A dart slug (D:2)
  A kobold (D:1)
2 creatures vanquished.

Notes
Turn   | Place    | Note
-------+----------+-------------------------------------------
     0 | D:1      | tilp the Meteoran Fighter began the quest for the Orb.
     0 | D:1      | Reached XP level 1. HP: 19/19 MP: 2/2
    81 | D:2      | Noticed an orc priest
    87 | D:2      | Killed from afar by an orc priest

Illustrated notes

Levels and vault maps discovered:
D:1:      lightli_molten_gateway, layout_basic, chequers_ecumenical_altar_simple
D:2:      cheibrodos_greedy_goblins, layout_loops_cross,
          minmay_fractal_squares_gapless_5

Action                     || total
---------------------------++-------
  Melee: Long sword        ||     6
    Use: Potion            ||     1
 Armour: Scale mail        ||     1
  Dodge: Dodged            ||     3

Table legend: (Time is in decaauts)
 A = Elapsed time spent in this place.
 B = Non-inter-level travel time spent in this place.
 C = Inter-level travel time spent in this place.
 D = Time resting spent in this place.
 E = Time spent auto-exploring this place.
 F = Levels seen in this place.
 G = Mean time per level.
                   A        B        C        D        E       F      G
               +--------+--------+--------+--------+--------+-----+--------+
         Total |     89 |     89 |      0 |      0 |      0 |   2 |   44.5 |
       Dungeon |     89 |     89 |      0 |      0 |      0 |   2 |   44.5 |
               +--------+--------+--------+--------+--------+-----+--------+

Top non-repeatable levels by time:
     D:1: 60 daAuts
     D:2: 29 daAuts
